 Dungeon Crawl Stone Soup version 0.26.1 (webtiles) character file.

Game seed: 11400423500547397591

4947 Gadfly the Warmonger (level 10, -8/144 HPs)
             Began as an Ogre Gladiator on Feb 8, 2021.
             Was an Elder of Okawaru.
             Mangled by Snorg (13 damage)
             ... on level 10 of the Dungeon.
             The game lasted 00:24:16 (11364 turns).

Gadfly the Warmonger (Ogre Gladiator)              Turns: 11364, Time: 00:24:16

Health: -8/144     AC: 16    Str: 23    XL:     10   Next: 52%
Magic:  13/15      EV: 10    Int:  9    God:    Okawaru [****..]
Gold:   653        SH:  0    Dex: 10    Spells: 9/9 levels left

rFire    + + .     SeeInvis .   a - +2 flail (vorpal)
rCold    . . .     Faith    .   (no shield)
rNeg     + . .     Spirit   .   B - +0 fire dragon scales (curse)
rPois    .         Reflect  .   c - +0 hat
rElec    .         Harm     .   w - +2 cloak
rCorr    .         Rampage  .   (gloves unavailable)
Will     +....                  (boots unavailable)
Stlth    ..........             e - amulet of regeneration
HPRegen  0.74/turn              k - ring of positive energy
MPRegen  0.14/turn              n - ring of protection from cold

@: berserking, heroism, very quick
A: large, unfitting armour, tough skin 1
a: Renounce Religion, Heroism


You were on level 10 of the Dungeon.
You worshipped Okawaru.
Okawaru was greatly pleased with you.
You visited 2 branches of the dungeon, and saw 11 of its levels.
You also visited: Sewer.

You collected 653 gold pieces.

Inventory:

Hand Weapons
 a - a +2 vorpal flail (weapon)
 b - a +0 whip of electrocution
 g - a +3 quarterstaff of chaos
 u - the +4 battleaxe of Slow Death {freeze, rPois rC+ Str+4 SInv}
   (You found it on level 9 of the Dungeon)

   It has been specially enchanted to freeze those struck by it, causing extra
   injury to most foes and up to half again as much damage against particularly
   susceptible opponents.
   It can also slow down cold-blooded creatures.
   It affects your strength (+4).
   It protects you from cold.
   It protects you from poison.
   It lets you see invisible.
Missiles
 d - a throwing net
 r - 22 boomerangs (quivered)
 t - 8 large rocks
Armour
 c - a +0 hat (worn)
 w - a +2 cloak (worn)
 B - cursed +0 fire dragon scales (worn)
Jewellery
 e - an amulet of regeneration (around neck)
 k - a ring of positive energy (left hand)
 l - an uncursed amulet of the acrobat
 n - a ring of protection from cold (right hand)
 L - an uncursed ring of fire
Wands
 y - a wand of flame (20)
 A - a wand of disintegration (21)
 E - a wand of random effects (39)
 F - a wand of enslavement (17)
Scrolls
 h - 2 scrolls of blinking
 j - 3 scrolls of remove curse
 o - 4 scrolls of teleportation
 p - a scroll of magic mapping
 s - 2 scrolls of enchant weapon
 G - 2 scrolls of fear
 H - a scroll of silence
 K - a scroll of enchant armour
Potions
 f - 3 potions of attraction
 i - a potion of cancellation
 m - a potion of haste
 q - a potion of curing
 v - a potion of resistance
 x - 3 potions of flight
 z - a potion of mutation
 C - 2 potions of ambrosia


   Skills:
 + Level 5.3(10.3) Fighting
 * Level 6.2(11.2) Maces & Flails
 * Level 6.3(11.3) Throwing
 * Level 6.0(11.0) Armour
 - Level 2.6(7.6) Dodging
 + Level 6.7 Invocations
 * Level 5.8 Evocations


You had 9 spell levels left.
You didn't know any spells.
Your spell library contained the following spells:

 Spells                   Type           Power        Failure   Level
 Sting                    Tmut/Pois      0%           69%         1
 Poisonous Vapours        Pois/Air       0%           83%         2
 Ignite Poison            Fire/Tmut/Pois 0%           96%         3
 Mephitic Cloud           Conj/Pois/Air  0%           96%         3
 Olgreb's Toxic Radiance  Pois           0%           100%        4


Dungeon Overview and Level Annotations

Branches:
Dungeon (10/15)            Temple (1/1) D:7             Orc (0/2) D:9
  Sewer (visited)
   Lair: D:8-11

Altars:
Ashenzari
Cheibriados
Dithmenos
Elyvilon
Fedhas
Gozag
Hepliaklqana
Kikubaaqudgha
Makhleb
Nemelex Xobeh
Okawaru
Qazlal
Ru
Sif Muna
Trog
Uskayaw
Vehumet
Wu Jian
Xom
Yredelemnul
Zin
The Shining One

Annotations:
D:3 2 transporters, Calibrex's ghost, amateur OpWz
D:10 Snorg


Innate Abilities, Weirdness & Mutations

You are too large for most types of armour.
You have tough skin. (AC +1)


Message History

Snorg bites you but does no damage. Snorg claws you but does no damage. x2
A red film seems to cover your vision as you go berserk!
You feel yourself moving faster!
You feel mighty! Snorg barely misses you. Snorg claws you! x2; Snorg bites you!
* * * LOW HITPOINT WARNING * * *
Snorg claws you but does no damage. Snorg claws you!
* * * LOW HITPOINT WARNING * * *
You sock Snorg!
Snorg is moderately wounded.
You bludgeon Snorg!!
Snorg is heavily wounded.
Snorg bites you!
* * * LOW HITPOINT WARNING * * *
Snorg closely misses you. Snorg misses you.
You bludgeon Snorg!! You punch Snorg.
Snorg is severely wounded.
Snorg bites you!
* * * LOW HITPOINT WARNING * * *
Snorg claws you!
You die...

.......... ......... .#
#####..# .# #####..# ..#
.......# ..#
.......###########..#
....................####
#####................$..
# #..####.####@....... #
#.)# #.# #T..##### #
#..# #.# #...# # #).#
#.# #...# # #).# #.#
#...# #..# #.# #...#
#..# #.. #...# ...# #..
#...# ....#


You could see Snorg (berserk).

Vanquished Creatures
  Pikel (D:6)
  Grinder (D:3)
  2 trolls (D:8)
  Prince Ribbit (D:7)
  Menkaure (D:7)
  3 orc warriors
  2 sky beasts
  3 ice beasts
  3 ogres
  A phantom (D:6)
  A centaur (D:7)
  A lemure (D:6)
  3 big kobolds (D:9)
  3 gnoll sergeants (D:9)
  A water moccasin zombie (D:7)
  2 bullfrogs
  2 scorpions
  12 killer bees
  3 jellies
  Crazy Yiuf (D:5)
  2 hounds (D:8)
  A centaur skeleton (D:7)
  4 orc priests
  3 iguanas
  Jessica (D:2)
  7 orc wizards
  2 worker ants (D:7)
  2 hound skeletons
  A worker ant zombie (D:9)
  13 adders
  14 gnolls
  2 shadow imps
  3 white imps
  3 ufetubi (D:7)
  An adder skeleton (D:9)
  4 worms
  2 dart slugs (D:2)
  10 leopard geckos
  35 orcs
  12 giant cockroaches
  4 goblins
  6 hobgoblins
  21 jackals
  4 kobolds
  4 quokkas
  7 ball pythons
  4 bats
  6 frilled lizards
  10 rats
235 creatures vanquished.

Vanquished Creatures (others)
  6 plants (D:3)
6 creatures vanquished.

Grand Total: 241 creatures vanquished

Notes
Turn   | Place    | Note
-------+----------+-------------------------------------------
     0 | D:1      | Gadfly the Ogre Gladiator began the quest for the Orb.
     0 | D:1      | Reached XP level 1. HP: 22/22 MP: 1/1
   294 | D:1      | Reached XP level 2. HP: 29/29 MP: 2/2
   663 | D:2      | Reached skill level 1 in Invocations
   728 | D:2      | Reached skill level 1 in Armour
   728 | D:2      | Reached XP level 3. HP: 17/36 MP: 3/3
   956 | D:2      | Reached skill level 1 in Evocations
  1215 | D:2      | Found a white marble altar of Elyvilon.
  1276 | D:2      | Noticed Jessica
  1278 | D:2      | Killed Jessica
  1279 | D:2      | Reached XP level 4. HP: 44/44 MP: 5/5
  1489 | D:2      | Found an iron altar of Okawaru.
  1498 | D:2      | Became a worshipper of Warmaster Okawaru
  1762 | D:3      | Reached XP level 5. HP: 41/50 MP: 6/6
  1846 | D:3      | Noticed Grinder
  1850 | D:3      | Paralysed by Grinder for 2 turns
  1866 | D:3      | Killed Grinder
  1866 | D:3      | Reached * piety under Okawaru
  1867 | D:3      | Reached XP level 6. HP: 29/59 MP: 6/8
  1919 | D:3      | Found a glowing drain.
  1961 | Sewer    | Entered a sewer
  2800 | D:3      | Reached XP level 7. HP: 66/66 MP: 9/9
  2876 | D:3      | Found a transporter.
  2887 | D:3      | Found a transporter.
  3084 | D:3      | Noticed Calibrex's ghost (amateur OpWz)
  4130 | D:5      | Entered Level 5 of the Dungeon
  4221 | D:5      | Found a glowing silver altar of Zin.
  4287 | D:5      | Found a runed translucent door.
  4288 | D:5      | Noticed Crazy Yiuf
  4361 | D:5      | Found a stormy altar of Qazlal.
  4379 | D:5      | Noticed a fire elemental
  4379 | D:5      | Noticed an air elemental
  4379 | D:5      | Noticed a water elemental
  5245 | D:5      | Killed Crazy Yiuf
  5246 | D:5      | Reached XP level 8. HP: 28/74 MP: 11/11
  5356 | D:6      | Reached ** piety under Okawaru
  5615 | D:6      | Found a sacrificial altar of Ru.
  5745 | D:6      | Found a broken altar of Ashenzari.
  5774 | D:6      | Noticed Pikel
  5791 | D:6      | Killed Pikel
  5792 | D:6      | Reached skill level 5 in Invocations
  6061 | D:6      | Found a burning altar of Makhleb.
  6654 | D:7      | Reached XP level 9. HP: 54/81 MP: 13/13
  6699 | D:6      | Reached *** piety under Okawaru
  6886 | D:7      | Noticed Menkaure
  6894 | D:7      | Killed Menkaure
  6984 | D:7      | Noticed Prince Ribbit
  7003 | D:7      | Killed Prince Ribbit
  7004 | D:7      | Reached skill level 5 in Maces & Flails
  7145 | D:7      | Reached skill level 5 in Throwing
  7188 | D:7      | Found a staircase to the Ecumenical Temple.
  7208 | Temple   | Entered the Ecumenical Temple
  7447 | D:7      | Reached skill level 5 in Armour
  7672 | D:8      | Reached skill level 5 in Evocations
  7873 | D:8      | Reached **** piety under Okawaru
  7873 | D:8      | Received a gift from Okawaru
  8233 | D:8      | Noticed a troll
  8240 | D:8      | Killed a troll
  8570 | D:8      | Reached XP level 10. HP: 94/94 MP: 14/14
  8678 | D:8      | Found a shimmering blue altar of Sif Muna.
  8748 | D:8      | Found a blossoming altar of Fedhas.
  9398 | D:7      | Got an ichor-stained trident
  9399 | D:7      | Identified the +7 trident "Diadyl" {vorpal, *Noise rN+
                  | Str+8} (You found it on level 7 of the Dungeon)
  9715 | D:9      | Got a crystal battleaxe
  9716 | D:9      | Identified the +4 battleaxe of Slow Death {freeze, rPois
                  | rC+ Str+4 SInv} (You found it on level 9 of the Dungeon)
  9733 | D:9      | Found a radiant altar of Vehumet.
  9804 | D:9      | Found a sacrificial altar of Ru.
  9805 | D:9      | Found a snail-covered altar of Cheibriados.
 10024 | D:9      | Found a staircase to the Orcish Mines.
 10303 | D:8      | HP: 3/94 [troll (3)]
 10569 | D:9      | Reached skill level 5 in Fighting
 11208 | D:9      | Found a sparkling altar of Nemelex Xobeh.
 11268 | D:10     | Entered Level 10 of the Dungeon
 11345 | D:10     | Noticed Snorg
 11364 | D:10     | HP: 5/144 [Snorg (16)]
 11364 | D:10     | Mangled by Snorg

Illustrated notes

Levels and vault maps discovered:
D:1:      mrwooster_arrival_arrow, layout_loops_ring,
          minmay_misc_feat_nine_boxes, minivault_26, st_stairs_2
D:2:      layout_loops_ring, lemuel_doored_altar, marbit_many_paths,
          grunt_ministairs_3, uniq_jessica
D:3:      layout_rooms, portal_sewer_entry_b, gammafunk_ghost_gnarly_gnolls,
          chequers_serial_rivers_room_b, uniq_grinder
D:4:      layout_basic
D:5:      layout_basic, nicolae_qazlal_style_of_elements, lemuel_round_altar,
          serial_bayou_lake_a, uniq_crazy_yiuf_cottage
D:6:      layout_basic, kennysheep_mini, lemuel_round_altar,
          nicolae_ru_awakened_eye, uniq_pikel
D:7:      layout_basic, minmay_temple_entry_enclosed_plants, uniq_menkaure,
          uniq_prince_ribbit1
D:8:      layout_basic, lemuel_round_altar, chequers_serial_rivers_large_b,
          hangedman_decor_clover_reticule, led_sif_pool
D:9:      layout_stronghold, overflow_temple_1_default,
          nicolae_overflow_hidden_temple, kennysheep_orc_monster_closet_entryway
D:10:     layout_small_grid, david_lair_generic, gammafunk_ghost_split,
          uniq_snorg
Temple:   minmay_temple_curvy_loop

Skill      XL: |  1  2  3  4  5  6  7  8  9 10 |
---------------+-------------------------------+-----
Invocations    | 1 2 3 4 5 6 |  6.7
Armour         | 1 2 3 4 5 6 |  6.0
Evocations     | 1 2 3 4 5 |  5.8
Maces & Flails | 3 4 5 6 |  6.2
Throwing       | 3 4 5 6 |  6.3
Fighting       | 3 4 5 |  5.3
Dodging        | |  2.6

Action                   |  1- 3 |  4- 6 |  7- 9 | 10-12 || total
-------------------------+-------+-------+-------+-------++-------
Melee: Flail             |   104 |   174 |   156 |     3 ||   437
       Short sword       |       |       |   277 |   145 ||   422
       Whip              |       |       |       |    43 ||    43
       Battleaxe         |       |       |       |    34 ||    34
       Punch             |       |       |       |     1 ||     1
Throw: Stone             |     6 |       |     3 |       ||     9
       Throwing net      |       |     3 |       |       ||     3
       Boomerang         |       |       |    12 |     1 ||    13
Invok: Heroism           |       |       |     2 |     1 ||     3
Evoke: Wand              |       |       |       |     2 ||     2
  Use: Scroll            |     9 |     1 |    11 |     3 ||    24
       Potion            |       |     1 |     4 |     4 ||     9
 Stab: Sleeping          |       |     1 |       |       ||     1
Armor: Robe              |    49 |    76 |    50 |       ||   175
       Fire dragon scale |       |       |   151 |   161 ||   312
Dodge: Dodged            |    73 |   118 |   225 |   113 ||   529
